 Dungeon Crawl Stone Soup version 0.15.1-2-g8fbdab7 (webtiles) character file.

46 Kae the Firebug (level 3, 0/19 HPs)
             Began as a Tengu Fire Elementalist on Oct 2, 2014.
             Succumbed to an adder's poison
             ... on Level 2 of the Dungeon.
             The game lasted 00:01:51 (1636 turns).

Kae the Firebug (Tengu Fire Elementalist)           Turns: 1636, Time: 00:01:51

HP   0/19        AC  3     Str  8      XL: 3   Next: 66%
MP   5/7         EV 15     Int 16      God:
Gold 44          SH  0     Dex 14      Spells:  1 memorised,  6 levels left

rFire  . . .     SeeInvis .     h - +0 spear
rCold  . . .     Clarity  .     a - +0 robe
rNeg   . . .     rCorr    .     (no shield)
rPois  .         rRot     .     (helmet restricted)
rElec  .         Spirit   .     (no cloak)
SustAb .         Warding  .     (no gloves)
rMut   .         Stasis   .     (boots unavailable)
Gourm  .                        (no amulet)
MR     +....                    (no ring)
                                (no ring)

@: confused, lethally poisoned, flying quickly and evasively, quick, somewhat
resistant to hostile enchantments, very unstealthy
A: beak, talons 3, rugged brown scales 1, deterioration 1, magic resistance 1
a: no special abilities


You were on level 2 of the Dungeon.
You were hungry.

You visited 1 branch of the dungeon, and saw 2 of its levels.

You collected 44 gold pieces.

Inventory:

Hand weapons
 h - a +0 spear (weapon)
Armour
 a - a +0 robe (worn)
Comestibles
 c - a bread ration
 l - a slice of pizza
 m - a meat ration
Scrolls
 d - a scroll of fear {unknown}
 f - a scroll of enchant weapon {unknown}
 g - 3 scrolls of identify {unknown}
 j - a scroll of recharging {unknown}
Potions
 e - a potion of confusion
 i - a potion of mutation
Books
 b - a book of Flames

   Spells                             Type                      Level
   *Flame Tongue                      Conjuration/Fire             1
   Throw Flame                        Conjuration/Fire             2
   Conjure Flame                      Conjuration/Fire             3
   Inner Flame                        Hexes/Fire                   3
   Sticky Flame                       Conjuration/Fire             4
   Fireball                           Conjuration/Fire             5


   Skills:
 - Level 2.1 Dodging
 - Level 2.0 Stealth
 + Level 2.5 Spellcasting
 * Level 2.9 Conjurations
 * Level 4.0 Fire Magic


You had 6 spell levels left.
You knew the following spells:

 Your Spells              Type           Power        Failure   Level  Hunger
a - Flame Tongue          Conj/Fire      ##...        6%          1    #......


Dungeon Overview and Level Annotations

Branches:
Dungeon (2/15)

Altars:


Innate Abilities, Weirdness & Mutations

You have a beak for a mouth.
You have claws for feet.
You are partially covered in rugged brown scales (AC +1, +3% HP).
Your body is slowly deteriorating.
You are resistant to hostile enchantments.


Message History

* * * LOW HITPOINT WARNING * * *
You feel sick.
Drink which item? (? for menu, Esc to quit)
You feel extremely strange.
Rugged brown scales grow over part of your body.
You feel resistant to hostile enchantments.
You feel yourself wasting away.
It was a potion of mutation.
Drink which item? (? for menu, Esc to quit)
You feel very buoyant.
You swoop lightly up into the air.
It was a potion of flight.
Unknown command.
Unknown command.
There is a lethal amount of poison in your body!
There is a lethal amount of poison in your body!
There is a lethal amount of poison in your body!
There is a lethal amount of poison in your body!
There is a lethal amount of poison in your body!
There is a lethal amount of poison in your body!
You die...

#...................#
##%...#.......#####.#
........###.....####...
........###....## ...
...#.##..#.....###.######
.<##. #..................
.. .. .............######
# ... #.....)...)### ...
.........#@# #
........##........# .....
......... ..........?....
#.#.#.######## #.#. # ..
.. .


There were no monsters in sight!

Vanquished Creatures
  An adder (D:2)
  A giant mite (D:1)
  A worm (D:1)
  3 giant cockroaches (D:1)
  4 goblins
  3 hobgoblins
  6 jackals (D:1)
  2 kobolds (D:1)
  2 bats
  A giant newt (D:2)
  2 rats (D:1)
26 creatures vanquished.

Notes
Turn   | Place    | Note
--------------------------------------------------------------
     0 | D:1      | Kae, the Tengu Fire Elementalist, began the quest for the Orb.
     0 | D:1      | Reached XP level 1. HP: 10/10 MP: 3/3
   493 | D:1      | Reached XP level 2. HP: 6/15 MP: 5/5
  1550 | D:1      | Reached XP level 3. HP: 13/19 MP: 0/7
  1632 | D:2      | Reached skill level 4 in Fire Magic
  1634 | D:2      | Gained mutation: You are partially covered in rugged brown scales (AC +1, +3% HP). [potion of mutation]
  1634 | D:2      | Gained mutation: You are resistant to hostile enchantments. [potion of mutation]
  1634 | D:2      | Gained mutation: Your body is slowly deteriorating. [potion of mutation]
  1636 | D:2      | Succumbed to an adder's poison

Action                   || total
-------------------------++-------
Melee: Spear             ||    74
       Unarmed           ||     4
 Cast: Flame Tongue      ||    15
  Use: Potion            ||     3
  Eat: Chunk             ||     2
